Map: Ephemeron LE

Players

DPGPartinG (PartinG) - Winner!

  • Race: Protoss Protoss
  • League: Grandmaster
  • Spawn Location: 11:00

Astrea

  • Race: Protoss Protoss
  • League: Grandmaster
  • Spawn Location: 5:00

VOD

Have the link to the VOD?

Description

Time

  • Played on: Jan. 7, 2020, 7:05 p.m.
  • Length: 15:33
Show
View Real Time Build Order
Export as new Build Order

DPGPartinG Protoss - Winner!

Build Orders:  

Get SALT Encoding   

  12  0:00  Probe  
  13  0:12  Probe  
  14  0:17  Pylon  
  14  0:25  Probe (Chrono Boost)  
  15  0:36  Gateway  
  15  0:37  Probe (Chrono Boost)  
  16  0:45  Probe (Chrono Boost)  
  16  0:46  Assimilator  
  17  0:51  Probe  
  17  0:54  Assimilator  
  18  1:03  Probe (Chrono Boost)  
  19  1:07  Gateway  
  19  1:12  Probe (Chrono Boost)  
  19  1:17  Probe (Chrono Boost)  
  20  1:24  Cybernetics Core  
  21  1:29  Probe  
  22  1:36  Pylon  
  22  1:41  Probe  
  23  1:58  Warp Gate (Chrono Boost)  
  23  1:59  Gateway  
  23  2:00  Stalker  
  25  2:06  Stalker  
  27  2:09  Probe  
  28  2:30  Stalker  
  28  2:36  Stalker  
  31  2:55  Pylon  
  31  2:57  Nexus  
  31  3:05  Pylon  
  31  3:19  Robotics Facility  
  31  3:21  Shield Battery  
  31  3:23  Probe (Chrono Boost)  
  33  3:35  Probe (Chrono Boost)  
  33  3:39  Sentry x2  
  33  3:40  Probe (Chrono Boost)  
  38  3:49  Probe  
  39  3:55  Pylon  
  37  4:05  Stalker  
  37  4:06  Immortal (Chrono Boost)  
  43  4:16  Stalker  
  45  4:30  Stalker  
  47  4:32  Shield Battery  
  47  4:41  Stalker  
  45  4:48  Warp Prism (Chrono Boost)  
  47  4:53  Sentry  
  49  5:01  Probe x2  
  49  5:04  Stalker  
  53  5:14  Probe x2  
  53  5:15  Observer (Chrono Boost)  
  53  5:17  Observer  
  53  5:18  Stalker  
  58  5:34  Stalker  
  60  5:40  Probe  
  60  5:41  Probe, Robotics Bay  
  61  5:54  Observer  
  58  5:57  Probe x2  
  60  6:05  Pylon  
  60  6:06  Pylon  
  60  6:09  Pylon  
  60  6:11  Probe x2  
  62  6:23  Probe x2  
  64  6:27  Disruptor (Chrono Boost)  
  67  6:35  Probe x2  
  67  6:38  Stalker x2  
  73  6:41  Gateway  
  61  6:47  Probe x2  
  61  6:49  Assimilator  
  61  6:57  Warp Prism (Chrono Boost)  
  61  6:59  Probe x2  
  65  7:09  Stalker x2  
  65  7:14  Probe x2  
  71  7:17  Assimilator  
  71  7:26  Disruptor  
  71  7:28  Probe  
  75  7:48  Stalker x3  
  75  7:50  Probe x2  
  79  8:08  Disruptor (Chrono Boost)  
  74  8:20  Stalker x3  
  66  8:56  Stalker  
  66  8:58  Zealot x2  
  66  8:59  Probe x2  
  67  9:15  Probe (Chrono Boost)  
  63  9:19  Probe (Chrono Boost)  
  63  9:26  Probe (Chrono Boost)  
  64  9:32  Stalker x3  
  64  9:37  Disruptor  
  59  10:09  Observer  
  59  10:10  Probe  
  59  10:12  Probe (Chrono Boost)  
  50  10:16  Warp Prism (Chrono Boost), Stalker x3  
  50  10:20  Twilight Council  
  45  10:21  Gateway  
  45  10:24  Probe x2 (Chrono Boost), Gateway  
  47  10:33  Probe (Chrono Boost)  
  47  10:35  Probe (Chrono Boost)  
  49  10:38  Probe (Chrono Boost), Observer  
  49  10:39  Sentry, Stalker x2  
  49  10:40  Nexus  
  56  10:46  Pylon  
  56  10:51  Probe x2  
  58  10:58  Blink (Chrono Boost)  
  58  11:02  Observer  
  58  11:04  Stalker x3  
  64  11:15  Probe x2  
  66  11:19  Gateway  
  66  11:21  Gateway  
  66  11:24  Stalker  
  68  11:28  Stalker  
  70  11:42  Observer  
  70  11:43  Stalker x3  
  76  12:00  Stalker  
  78  12:01  Stalker  
  78  12:03  Probe x2  
  78  12:08  Stalker x3  
  84  12:09  Probe  
  84  12:15  Stalker  
  91  12:17  Probe  
  91  12:18  Probe  
  91  12:21  Probe  
  94  12:27  Stalker x2  
  98  12:36  Stalker x2  
  81  12:55  Stalker x4  
  79  13:00  Stalker x6  
  83  13:19  Warp Prism (Chrono Boost)  
  79  13:21  Stalker  
  79  13:25  Stalker x2  
  79  13:26  Stalker  
  89  13:42  Stalker x3  
  83  14:09  Stalker x6  
  91  14:10  Stalker  
  67  14:32  Stalker x2  
  67  14:33  Stalker x3  
  67  14:35  Stalker  
  79  14:48  Stalker  
  68  15:00  Stalker x5  
  56  15:24  Stalker x4  
  62  15:33  Stalker x2  
Show
View Real Time Build Order
Export as new Build Order

Astrea Protoss 

Build Orders:  

Get SALT Encoding   

  12  0:00  Probe  
  13  0:12  Probe  
  14  0:17  Pylon  
  14  0:25  Probe (Chrono Boost)  
  16  0:37  Probe (Chrono Boost)  
  16  0:38  Gateway  
  16  0:42  Probe (Chrono Boost)  
  16  0:45  Assimilator  
  17  0:51  Probe  
  17  0:54  Assimilator  
  18  1:03  Probe (Chrono Boost)  
  19  1:08  Gateway  
  19  1:13  Probe (Chrono Boost)  
  19  1:18  Probe (Chrono Boost)  
  20  1:25  Cybernetics Core  
  21  1:29  Probe  
  22  1:35  Pylon  
  22  1:41  Probe  
  23  1:53  Probe  
  24  1:59  Warp Gate (Chrono Boost)  
  24  2:01  Stalker x2  
  24  2:07  Pylon  
  28  2:20  Probe  
  29  2:31  Stalker x2  
  33  2:38  Robotics Facility  
  33  2:47  Probe  
  34  3:01  Stalker x2  
  39  3:09  Pylon  
  38  3:24  Warp Prism (Chrono Boost)  
  38  3:32  Probe  
  41  3:40  Stalker x2  
  45  3:47  Pylon  
  45  3:48  Probe  
  46  3:53  Observer  
  47  4:00  Probe  
  44  4:06  Stalker x2  
  45  4:31  Stalker x2  
  45  4:37  Pylon  
  49  4:52  Nexus  
  50  5:07  Probe  
  50  5:09  Robotics Bay  
  50  5:11  Adept x2  
  54  5:15  Observer  
  54  5:31  Probe  
  55  5:40  Pylon x2  
  54  5:48  Probe  
  55  5:56  Disruptor (Chrono Boost)  
  53  6:00  Probe, Gravitic Drive  
  57  6:04  Probe  
  58  6:12  Probe  
  58  6:13  Adept  
  58  6:15  Stalker  
  58  6:16  Probe  
  64  6:22  Disruptor (Chrono Boost)  
  64  6:23  Twilight Council  
  64  6:24  Probe  
  68  6:29  Probe  
  69  6:36  Probe  
  68  6:41  Probe  
  69  6:48  Probe  
  68  6:57  Stalker x2  
  68  6:58  Probe  
  68  7:00  Probe, Assimilator  
  72  7:02  Assimilator  
  72  7:03  Pylon  
  72  7:07  Blink (Chrono Boost)  
  72  7:08  Pylon  
  72  7:10  Probe  
  72  7:13  Probe, Forge  
  74  7:22  Pylon  
  74  7:23  Probe  
  74  7:25  Probe  
  74  7:29  Stalker x2  
  80  7:36  Nexus  
  80  7:45  Disruptor (Chrono Boost)  
  80  7:50  Protoss Ground Weapons Level 1  
  83  7:55  Stalker  
  85  7:58  Probe x2, Gateway  
  83  8:19  Probe x2  
  88  8:21  Stalker x2  
  88  8:22  Observer (Chrono Boost)  
  90  8:31  Probe  
  91  8:41  Probe  
  91  8:46  Probe  
  85  8:57  Disruptor (Chrono Boost)  
  85  8:58  Zealot x3  
  56  9:10  Probe  
  51  9:18  Stalker x3  
  51  9:19  Probe  
  51  9:20  Probe  
  55  9:31  Disruptor (Chrono Boost)  
  51  9:42  Stalker x3  
  57  10:05  Probe  
  45  10:11  Probe  
  40  10:15  Probe (Chrono Boost)  
  40  10:16  Pylon  
  40  10:17  Probe (Chrono Boost)  
  40  10:20  Pylon  
  37  10:23  Probe (Chrono Boost), Stalker  
  42  10:29  Probe (Chrono Boost)  
  42  10:31  Disruptor (Chrono Boost)  
  42  10:33  Probe (Chrono Boost)  
  42  10:34  Probe (Chrono Boost)  
  46  10:36  Probe (Chrono Boost)  
  46  10:39  Probe x2 (Chrono Boost)  
  49  10:43  Probe  
  49  10:46  Protoss Ground Weapons Level 2  
  51  10:50  Probe  
  51  10:51  Probe  
  51  10:55  Probe  
  53  11:00  Disruptor (Chrono Boost)  
  53  11:02  Probe  
  53  11:03  Probe  
  58  11:07  Probe  
  58  11:10  Stalker  
  61  11:14  Probe  
  61  11:15  Probe  
  63  11:19  Probe  
  63  11:23  Stalker  
  63  11:24  Stalker  
  68  11:26  Probe  
  68  11:27  Probe  
  68  11:29  Warp Prism (Chrono Boost)  
  68  11:32  Probe  
  73  11:38  Probe  
  73  11:39  Probe  
  75  11:44  Probe  
  72  11:56  Observer  
  72  12:00  Stalker x3  
  78  12:02  Disruptor (Chrono Boost)  
  78  12:06  Probe x2  
  83  12:10  Gateway x2  
  83  12:13  Probe  
  83  12:15  Gateway  
  84  12:16  Photon Cannon  
  84  12:17  Shield Battery  
  84  12:25  Robotics Facility  
  84  12:27  Assimilator  
  84  12:28  Assimilator  
  84  12:31  Disruptor (Chrono Boost)  
  83  12:49  Stalker x3  
  86  12:57  Probe  
  73  12:59  Probe  
  73  13:01  Disruptor (Chrono Boost)  
  68  13:07  Stalker x2  
  63  13:16  Stalker x3  
  62  13:25  Stalker  
  64  13:31  Stalker  
  64  13:33  Stalker  
  68  13:43  Zealot x3  
  68  13:45  Charge (Chrono Boost)  
  74  13:49  Observer  
  66  13:56  Stalker x2  
  67  14:06  Stalker  
  67  14:07  Zealot  
  65  14:14  Stalker  
  65  14:15  Zealot  
  67  14:21  Stalker  
  61  14:25  Zealot  
  53  14:35  Stalker  
  54  14:40  Stalker  
  56  14:45  Stalker  
  56  14:52  Stalker  
  53  14:58  Zealot  
  40  15:05  Stalker  
  29  15:19  Probe  
  26  15:29  Stalker x2  
Tags
 
Add a new tag
Caveats
  • Supply blocks, unpowered buildings, or Contaminate may cause inaccurate times.
  • Supply counts are checked every 10 seconds.